 Dungeon Crawl Stone Soup version 0.29.0-15-g675c0067aa (webtiles) character file.

Game seed: 16747974847324696928

158 Pim the Digger (level 6, -1/48 HPs)
             Began as a Meteoran Earth Elementalist on Sept 11, 2022.
             Slain by a gnoll
             ... wielding a +0 club
              (3 damage)
             ... on level 4 of the Dungeon.
             The game lasted 00:04:28 (1473 turns).

Pim the Digger (Meteoran Earth Elementalist)        Turns: 1473, Time: 00:04:29

Health: -1/48      AC:  2    Str:  9    XL:     6   Next: 0%
Magic:  9/12       EV: 13    Int: 18    God:
Gold:   59         SH:  0    Dex: 16    Spells: 6/12 levels left

rFire   + + .      SeeInvis .   m - +2 mace (protect)
rCold   . . .      Faith    .   (no shield)
rNeg    . . .      Spirit   .   a - +0 robe
rPois   .          Reflect  .   (no helmet)
rElec   .          Harm     .   (no cloak)
rCorr   .          Rampage  .   (no gloves)
Will    .....                   (no boots)
Stlth   +.........              (no amulet)
HPRegen 0.16/turn               h - ring of protection from fire
MPRegen 0.13/turn               q - ring of protection from fire

@: glowing
A: sense surroundings 1, otherworldly, glowing, explore regen
a: no special abilities


You were on level 4 of the Dungeon.
You visited 1 branch of the dungeon, and saw 4 of its levels.

You collected 124 gold pieces.
You spent 65 gold pieces at shops.

Inventory:

Hand Weapons
 d - a +0 short sword
 m - a +2 mace of protection (weapon)
Missiles
 f - a throwing net
Armour
 a - a +0 robe (worn)
 t - a +0 leather armour
 u - a +0 tower shield
Jewellery
 h - a ring of protection from fire (left hand)
 q - a ring of protection from fire (right hand)
Scrolls
 c - 2 scrolls of teleportation {unknown}
 e - 2 scrolls of identify {unknown}
 i - a scroll of noise {unknown}
 j - a scroll of silence {unknown}
 k - a scroll of magic mapping {unknown}
 o - a scroll of enchant weapon {unknown}
 s - a scroll of immolation {unknown}
 v - a scroll of blinking {unknown}
Potions
 b - 2 potions of magic
 g - a potion of cancellation {unknown}
 l - a potion of berserk rage {unknown}
 n - 2 potions of heal wounds
 p - a potion of invisibility {unknown}
 r - 2 potions of haste {unknown}


   Skills:
 + Level 2.0 Fighting
 + Level 3.4 Dodging
 - Level 1.4 Stealth
 + Level 3.6 Spellcasting
 - Level 2.0 Transmutations
 * Level 5.3 Earth Magic


You had 6 spell levels left.
You knew the following spells:

 Your Spells              Type           Power      Damage    Failure   Level
a - Sandblast             Erth           44%        2d11      1%          1
b - Passwall              Tmut/Erth      13%        N/A       5%          2
c - Stone Arrow           Conj/Erth      24%        3d8       16%         3

Your spell library contained the following spells:

 Spells                   Type           Power      Damage    Failure   Level
 Sting                    Tmut/Pois      24%        1d4       11%         1
 Poisonous Vapours        Pois/Air       6%         N/A       24%         2
 Petrify                  Tmut/Erth      16%        N/A       34%         4
 Olgreb's Toxic Radiance  Pois           3%         N/A       83%         4


Dungeon Overview and Level Annotations

Branches:
Dungeon (4/15) Zot: 874
 Temple: D:4-7

Altars:

Shops:
D:3 !


Innate Abilities, Weirdness & Mutations

You passively map a small area around you.
You are easily found by Zot.
You glow in the dark.
You regain HP and MP as you explore.


Message History

Found a sling.
Casting: Sandblast (safe; 1% risk of failure)
Confirm with . or Enter, or press ? or * to list all spells.
Aiming: Sandblast (safe; 1% risk of failure)
Press: ? - help, Shift-Dir - straight line, f - gnoll
Aim: a gnoll, wielding a +0 flail (85% to hit)
The blast of sand hits the gnoll!
The gnoll is severely wounded.
Casting: Sandblast (safe; 1% risk of failure)
Confirm with . or Enter, or press ? or * to list all spells.
Aiming: Sandblast (safe; 1% risk of failure)
Press: ? - help, Shift-Dir - straight line, f/p - gnoll
Aim: a gnoll, wielding a +0 flail (severely wounded, 85% to hit)
The blast of sand hits the gnoll.
The gnoll is severely wounded.
The gnoll throws a throwing net.
The throwing net hits you.
You become entangled in the net!
The gnoll hits you with a +0 flail.
The gnoll hits you from afar with a +0 halberd!
You struggle against the net.
The gnoll hits you with a +0 flail. The gnoll barely misses you.
Casting: Sandblast (safe; 1% risk of failure)
Confirm with . or Enter, or press ? or * to list all spells.
Aiming: Sandblast (safe; 1% risk of failure)
Press: ? - help, Shift-Dir - straight line, f/p - gnoll
Aim: a gnoll, wielding a +0 flail (severely wounded, 85% to hit)
The blast of sand hits the gnoll!
You kill the gnoll!
The gnoll hits you with a +0 whip.
The gnoll hits you from afar with a +0 halberd.
You have reached level 6!
You feel agile.
You tear a large gash into the net.
The gnoll hits you with a +0 whip.
* * * LOW HITPOINT WARNING * * *
The gnoll hits you from afar with a +0 halberd.
* * * LOW HITPOINT WARNING * * *
The gnoll hits you with a +0 club.
* * * LOW HITPOINT WARNING * * *
You rip the net and break free!
The gnoll closely misses you. The gnoll barely misses you.
The gnoll hits you with a +0 club.
You die...

* * , ... ....## .....
.....##+# * , ....g
)........ , ... . ##...
#........ ...
##......##.....?.# ..,... #
.........g....?.#*, #..#..
#.. .....##.g........
.##..#.. #..
#...#..)@g......*..#.....
#..###.#........##...
*....... #........##†....#
# , #.....
##...##.......###
##.####..##.
#..............#
*...##......
##.......#....## #.#.......
###...>.#....[# ##.........
###...#.....#####..........
#####......#.............


You could see 3 gnolls.

Vanquished Creatures
  2 orc wizards (D:3)
  A gnoll (D:4)
  An adder (D:2)
  3 worms
  4 dart slugs
  8 orcs
  9 ball pythons
  6 endoplasms
  A giant cockroach (D:2)
  5 hobgoblins
  5 jackals
  5 kobolds
  A quokka (D:1)
  5 bats
  A frilled lizard (D:1)
  6 goblins
  4 rats
67 creatures vanquished.

Notes
Turn   | Place    | Note
-------+----------+-------------------------------------------
     0 | D:1      | Pim the Meteoran Earth Elementalist began the quest for the
                  | Orb.
     0 | D:1      | Reached XP level 1. HP: 14/14 MP: 5/5
    45 | D:1      | Reached XP level 2. HP: 9/20 MP: 2/6
   257 | D:1      | Reached skill level 4 in Earth Magic
   299 | D:1      | Reached XP level 3. HP: 20/27 MP: 4/8
   376 | D:1      | Reached skill level 1 in Fighting
   523 | D:1      | Reached XP level 4. HP: 35/35 MP: 7/9
   892 | D:2      | You fall into a shaft and drop 1 floor!
   945 | D:3      | Reached XP level 5. HP: 40/40 MP: 7/11
  1023 | D:3      | Reached skill level 5 in Earth Magic
  1081 | D:3      | Found Soarch's Distillery.
  1093 | D:3      | Bought a potion of heal wounds for 65 gold pieces
  1312 | D:3      | Learned a level 2 spell: Passwall
  1316 | D:3      | Learned a level 3 spell: Stone Arrow
  1472 | D:4      | Reached XP level 6. HP: 17/48 MP: 9/12
  1472 | D:4      | HP: 2/48 [gnoll/+0 club (5)]
  1473 | D:4      | Slain by a gnoll

Illustrated notes

Levels and vault maps discovered:
D:1:      saegor_arrival_simple_a, layout_rooms
D:2:      layout_loops_ring, serial_shops, nicolae_shop_hallway_plus
D:3:      layout_basic, serial_shops, shop
D:4:      layout_cave_pools, grunt_decor_arrowhead

Skill      XL: |  1  2  3  4  5 |
---------------+----------------+-----
Earth Magic    | 4 5 |  5.3
Spellcasting   | 3 |  3.6
Fighting       | 1 2 |  2.0
Transmutations | 2 |  2.0
Dodging        | 3 |  3.4
Stealth        | |  1.4

Action                   |  1- 3 |  4- 6 || total
-------------------------+-------+-------++-------
Melee: Unarmed           |     2 |       ||     2
       Short sword       |    10 |       ||    10
       Mace              |       |    17 ||    17
 Cast: Sandblast         |    41 |    52 ||    93
Armor: Robe              |    18 |    12 ||    30
Dodge: Dodged            |    57 |    37 ||    94
